 Dungeon Crawl Stone Soup version 0.28.0-53-g5a82cb258f (webtiles) character file.

Game seed: 6712506862312473992

91 MalarOregon the Skirmisher (level 4, -6/37 HPs)
             Began as a Palentonga Fighter on June 14, 2022.
             Mangled by a gnoll
             ... wielding a +0 whip
              (8 damage)
             ... on level 2 of the Dungeon.
             The game lasted 00:03:29 (2535 turns).

MalarOregon the Skirmisher (Palentonga Fighter)     Turns: 2535, Time: 00:03:29

Health: -6/37      AC:  6    Str: 21    XL:     4   Next: 33%
Magic:  4/4        EV:  7    Int:  9    God:
Gold:   54         SH:  4    Dex:  9    Spells: 3/3 levels left

rFire   . . .      SeeInvis +   a - +0 flail
rCold   . . .      Faith    .   c - +0 buckler
rNeg    . . .      Spirit   .   b - +0 scale mail
rPois   .          Reflect  .   (no helmet)
rElec   .          Harm     .   (no cloak)
rCorr   .          Rampage  .   (no gloves)
Will    .....                   (no barding)
Stlth   ..........              (no amulet)
HPRegen 0.12/turn               (no ring)
MPRegen 0.09/turn               (no ring)

@: no status effects
A: large, rugged brown scales 3, see invisible, deformed body, roll 1, armoured
tail
a: Rolling Charge


You were on level 2 of the Dungeon.
You visited 1 branch of the dungeon, and saw 3 of its levels.

You collected 54 gold pieces.


Innate Abilities, Weirdness & Mutations

You are completely covered in rugged brown scales. (AC +3, +7% HP)
You have supernaturally acute eyesight. (SInv)
Armour fits poorly on your strangely shaped body.
You can roll at nearby foes to attack.
You have a long armoured tail.


   Skills:
 + Level 3.4 Fighting
 * Level 3.0 Maces & Flails
 + Level 2.8 Armour
 + Level 1.2 Dodging
 + Level 2.7 Shields


You had 3 spell levels left.
You didn't know any spells.
Your spell library was empty.

Inventory:

Hand Weapons
 a - a +0 flail (weapon)
Missiles
 h - 4 curare-tipped darts (quivered) {!f}
Armour
 b - a +0 scale mail (worn)
 c - a +0 buckler (worn)
Scrolls
 f - a scroll of blinking {unknown}
 k - a scroll of noise {unknown}
 l - a scroll of magic mapping {unknown}
 m - a scroll of identify {unknown}
Potions
 d - a potion of might
 e - 2 potions of heal wounds {unknown}
 g - a potion of degeneration {unknown}
 i - 2 potions of resistance {unknown}
 j - 2 potions of magic {unknown}
 n - a potion of curing {unknown}

Dungeon Overview and Level Annotations

Branches:
Dungeon (3/15)

Altars:

Shops:
D:3

= #.......# ########.###
######..#####..........#######
#...........###.#.......#
#).#####.##.# #.#######.#
#..#####.##.# #.# #.#
#.....##.##.# #.# #.####
######..##.##.##.# #.#######.....
#..........##.##.# #...<......###
#.####..#####.##@###.)######..# #
#.# #..........g#....# ##..###
#.# #.######.###K.##.#####......
#.# #.####...##.#...รท......###..
#.# #.##.....#K###.#.#####.# #..
#.# #.##.#.#..## ##..# #.# #..
#.####........#### ##.# #.# #..
#......##.#.#..K.###..#####.###..
######.##......)#.#..............


You could see a gnoll and a kobold.


Message History

Done exploring.
Done exploring.
Done exploring.
You see here a frilled lizard corpse.
There is a stone staircase leading down here.
You climb downwards.
The ball python hisses angrily.
The adder hisses angrily.
The ball python bites you but does no damage.
The adder barely misses you.
The ball python bites you but does no damage.
Found Kyuss's Jewellery Shoppe.
There is a stone staircase leading up here.
The adder barely misses you. The ball python barely misses you.
The adder barely misses you.
You climb upwards.
There is a stone staircase leading down here.
You barely miss the adder.
The ball python bites you but does no damage.
The adder bites you but does no damage. You block the ball python's attack.
You miss the adder. The adder completely misses you.
You block the ball python's attack. The adder bites you.
You sock the adder!
You kill the adder!
The ball python bites you but does no damage.
The ball python bites you.
Your Maces & Flails skill increases to level 3!
You hit the ball python.
You kill the ball python!
No target in view!
No target in view!
No target in view!
Done exploring.
You climb downwards.
A gnoll opens the door.
There is a stone staircase leading up here.
You completely miss the gnoll.
Your tail-slap misses the gnoll.
A ball python comes into view.
The gnoll barely misses you.
The ball python moves out of view.
You hit the gnoll. The gnoll hits you with a +0 flail!
The gnoll hits you with a +0 flail.
You hit the gnoll. The gnoll hits you with a +0 flail!
* * * LOW HITPOINT WARNING * * *
The ball python hisses angrily.
The gnoll closely misses you.
You climb upwards.
There is a stone staircase leading down here.
The gnoll barely misses you.
You barely miss the gnoll. The gnoll hits you with a +0 flail.
* * * LOW HITPOINT WARNING * * *
You hit the gnoll. The gnoll barely misses you.
The gnoll hits you but does no damage.
You hit the gnoll but do no damage. The gnoll hits you with a +0 flail.
* * * LOW HITPOINT WARNING * * *
You barely miss the gnoll. The gnoll hits you with a +0 flail.
* * * LOW HITPOINT WARNING * * *
You sock the gnoll!
You kill the gnoll!
Unknown command.
Things that are here:
a +0 flail; a gnoll corpse
There is a stone staircase leading down here.
You start resting.
Unknown command.
You climb downwards.
The kobold barely misses you. The gnoll hits you with a +0 whip.
A goblin comes into view. It is wielding a +0 dagger.
The kobold barely misses you.
There is a stone staircase leading up, spattered with blood here.
The goblin shouts!
The gnoll hits you with a +0 whip. The kobold hits you with a +0 club.
You climb upwards.
There is a stone staircase leading down here.
The gnoll hits you with a +0 whip. You block the kobold's attack.
The gnoll hits you but does no damage. The kobold hits you with a +0 club.
The gnoll hits you with a +0 whip.
* * * LOW HITPOINT WARNING * * *
You block the kobold's attack. The gnoll hits you but does no damage.
The kobold hits you with a +0 club.
* * * LOW HITPOINT WARNING * * *
The gnoll hits you with a +0 whip.
* * * LOW HITPOINT WARNING * * *
The kobold hits you but does no damage. The gnoll barely misses you.
You see here an adder skeleton.
You see here a +0 dagger.
You closely miss the gnoll. The gnoll hits you with a +0 whip.
* * * LOW HITPOINT WARNING * * *
The gnoll hits you with a +0 whip.
* * * LOW HITPOINT WARNING * * *
You barely miss the gnoll. You block the gnoll's attack.
You hit the gnoll but do no damage. The gnoll hits you but does no damage.
You completely miss the gnoll. The gnoll barely misses you.
You sock the gnoll! The gnoll hits you but does no damage.
The gnoll hits you with a +0 whip.
* * * LOW HITPOINT WARNING * * *
You closely miss the gnoll. The gnoll hits you with a +0 whip.
* * * LOW HITPOINT WARNING * * *
You barely miss the gnoll. The gnoll barely misses you.
You aren't carrying any items that you can evoke.
The gnoll hits you with a +0 whip!
You die...

Skill      XL: |  1  2  3  4 |
---------------+-------------+-----
Dodging        | 1 |  1.2
Maces & Flails | 3 |  3.0
Fighting       | |  3.4
Armour         | |  2.8
Shields        | |  2.7

Action                   |  1- 3 |  4- 6 || total
-------------------------+-------+-------++-------
Melee: Flail             |   106 |    21 ||   127
       Tailslap          |    11 |       ||    11
Armor: Scale mail        |    54 |    12 ||    66
Dodge: Dodged            |    50 |    15 ||    65
Block: Buckler           |    19 |     5 ||    24

Levels and vault maps discovered:
D:1:      sevenhm_arrival_forest_fort_large_4, layout_basic,
          ebering_ecumenical_altar_webs, serial_bayou_pond_d
D:2:      layout_loops_ring
D:3:      minmay_diamond_boxcup, layout_rooms, serial_shops,
          nicolae_shop_hallway_stairs, uniq_terence, uniq_ijyb

Notes
Turn   | Place    | Note
-------+----------+-------------------------------------------
     0 | D:1      | MalarOregon the Palentonga Fighter began the quest for the
                  | Orb.
     0 | D:1      | Reached XP level 1. HP: 19/19 MP: 1/1
   423 | D:1      | Found a faded altar of an unknown god.
   443 | D:1      | Reached XP level 2. HP: 25/25 MP: 2/2
  1134 | D:2      | Reached XP level 3. HP: 30/31 MP: 3/3
  1709 | D:2      | Reached skill level 1 in Dodging
  2198 | D:2      | Reached XP level 4. HP: 31/37 MP: 4/4
  2250 | D:3      | Found Kyuss's Jewellery Shoppe.
  2256 | D:2      | Reached skill level 3 in Maces & Flails
  2525 | D:2      | HP: 8/37 [gnoll/+0 whip (2)]
  2530 | D:2      | HP: 7/37 [gnoll/+0 whip (1)]
  2531 | D:2      | HP: 1/37 [gnoll/+0 whip (6)]
  2535 | D:2      | Mangled by a gnoll

Vanquished Creatures
  3 gnolls
  2 adders (D:2)
  3 worms (D:2)
  2 ball pythons
  4 endoplasms
  A giant cockroach (D:1)
  6 goblins
  2 hobgoblins (D:1)
  3 quokkas
  4 bats (D:2)
  3 frilled lizards
  3 kobolds (D:1)
  A rat (D:2)
37 creatures vanquished.

Table legend:
 A = Non-vault XP
 B = Vault XP
 C = Vault XP percentage of total XP
 D = Non-vault monster count
 E = Vault monster count
 F = Vault count percentage of total count
                 A         B        C        D         E       F
            +---------+---------+-------+---------+---------+-------
      Total |     130 |       0 |   0.0 |      37 |       0 |   0.0
            +---------+---------+-------+---------+---------+-------
        D:1 |      40 |       0 |   0.0 |      16 |       0 |   0.0
        D:2 |      90 |       0 |   0.0 |      21 |       0 |   0.0
            +---------+---------+-------+---------+---------+-------

Illustrated notes

Table legend:
 A = Kills in this place as a percentage of kills in entire the game.
 B = Kills by you in this place as a percentage of kills by you in the entire game.
 C = Kills by friends in this place as a percentage of kills by friends in the entire game.
 D = Other kills in this place as a percentage of other kills in the entire game.
 E = Experience gained in this place as a percentage of experience gained in the entire game.
 F = Experience gained in this place divided by the number of levels of this place that you have seen.
                   A       B       C       D       E      F
               +-------+-------+-------+-------+-------+----------------------
         Total | 100.0 | 100.0 |   N/A |   N/A | 100.0 |  43.3
       Dungeon | 100.0 | 100.0 |   N/A |   N/A | 100.0 |  43.3
               +-------+-------+-------+-------+-------+----------------------

Table legend: (Time is in decaauts)
 A = Elapsed time spent in this place.
 B = Non-inter-level travel time spent in this place.
 C = Inter-level travel time spent in this place.
 D = Time resting spent in this place.
 E = Time spent auto-exploring this place.
 F = Levels seen in this place.
 G = Mean time per level.
                   A        B        C        D        E       F      G
               +--------+--------+--------+--------+--------+-----+--------+
         Total |   2581 |   2531 |     50 |    599 |   1504 |   3 |  860.3 |
       Dungeon |   2581 |   2531 |     50 |    599 |   1504 |   3 |  860.3 |
               +--------+--------+--------+--------+--------+-----+--------+

Top non-repeatable levels by time:
     D:2: 1364 daAuts
     D:1: 1196 daAuts
     D:3: 21 daAuts
